 Dungeon Crawl Stone Soup version 0.22-b1-21-g5cfc168 (webtiles) character file.

90 sleipnir007 the Covered (level 4, 0/29 HPs)
             Began as a Gargoyle Fighter on Aug 5, 2018.
             Slain by a gnoll
             ... wielding a +0 spear
              (4 damage)
             ... on level 2 of the Dungeon.
             The game lasted 00:03:57 (1185 turns).

sleipnir007 the Covered (Gargoyle Fighter)          Turns: 1185, Time: 00:03:57

Health: 0/29       AC: 10    Str: 21    XL:     4   Next: 56%
Magic:  4/4        EV:  7    Int:  8    God:
Gold:   102        SH:  9    Dex:  9    Spells: 3/3 levels left

rFire    . . .     SeeInvis .   a - +0 flail
rCold    . . .     Gourm    .   c - +0 shield
rNeg     + . .     Faith    .   b - +0 scale mail
rPois    ∞         Spirit   .   (no helmet)
rElec    +         Reflect  .   (no cloak)
rCorr    .         Harm     .   (no gloves)
MR       .....                  (no boots)
Stlth    ..........             (no amulet)
HPRegen  0.09/turn              (no ring)
MPRegen  0.09/turn              (no ring)

@: no status effects
A: negative energy resistance 1, electricity resistance, unbreathing,
petrification resistance, rot immunity, AC +3
a: no special abilities


You were on level 2 of the Dungeon.
You were not hungry.

You visited 1 branch of the dungeon, and saw 2 of its levels.

You collected 102 gold pieces.

Inventory:

Hand Weapons
 a - a +0 flail (weapon)
 n - a +0 war axe
Armour
 b - a +0 scale mail (worn)
 c - a +0 shield (worn)
Jewellery
 i - an uncursed amulet of guardian spirit {unknown}
 j - an uncursed ring of flight {unknown}
 m - an uncursed ring of positive energy {unknown}
Scrolls
 e - 5 scrolls of identify {unknown}
 h - 2 scrolls of immolation {unknown}
 k - a scroll of teleportation {unknown}
 o - a scroll of enchant weapon {unknown}
Potions
 d - a potion of might
 l - a potion of invisibility {unknown}
Comestibles
 f - 6 rations
 g - 3 chunks of flesh


   Skills:
 + Level 4.0 Fighting
 * Level 3.6 Maces & Flails
 + Level 4.0 Armour
 - Level 3.2 Shields


You had 3 spell levels left.
You didn't know any spells.
Your spell library was empty.

Dungeon Overview and Level Annotations

Branches:
Dungeon (2/15)

Altars:


Innate Abilities, Weirdness & Mutations

You are resistant to torment.
Your stone body is resilient. (AC +3)
You are immune to poison.
You resist negative energy. (rN+)
You are resistant to electric shocks. (rElec)
You can survive without breathing.
You are immune to petrification.
You are immune to rotting.


Message History

You hit the kobold.
The kobold is moderately wounded.
The kobold hits you but does no damage.
The gnoll hits you from afar with a spear.
* * * LOW HITPOINT WARNING * * *
You block the kobold's attack.
You closely miss the kobold.
The kobold is moderately wounded.
The gnoll hits you from afar with a spear.
* * * LOW HITPOINT WARNING * * *
You block the kobold's attack. You block the gnoll's attack.
You hit the kobold.
You kill the kobold!
The gnoll hits you from afar with a spear.
* * * LOW HITPOINT WARNING * * *
The gnoll hits you but does no damage.
Things that are here:
a club; a kobold corpse; a gnoll corpse You hit the gnoll but do no damage.
The gnoll hits you with a spear.
You die...

#..# #..#####..........
#..########.........#####.[.
#..##.......#####.>...†.....
#..##.####..#####...######..
#..##..........Kg...# ##
#..########.######..#
#.......)..g# #..#
#.#########g# #..# #.# #@#
#..# #.# #.# #..# #.# #.#
#..### #.#########.# #....#
#.........#.# #....#
######......# ####.#
#.##.### #.#
#.##.###########.#
#.##.............##


You could see 2 gnolls.

Vanquished Creatures
  A gnoll (D:2)
  3 adders (D:2)
  A dart slug (D:1)
  2 leopard geckos
  9 bats
  A giant cockroach (D:2)
  2 goblins (D:1)
  7 hobgoblins
  7 jackals (D:1)
  A ball python (D:2)
  2 frilled lizards (D:2)
  6 kobolds
  2 rats (D:2)
44 creatures vanquished.

Notes
Turn   | Place    | Note
-------+----------+-------------------------------------------
     0 | D:1      | sleipnir007 the Gargoyle Fighter began the quest for the Orb.
     0 | D:1      | Reached XP level 1. HP: 14/14 MP: 1/1
    38 | D:1      | Reached XP level 2. HP: 19/19 MP: 2/2
   375 | D:1      | Reached XP level 3. HP: 23/23 MP: 3/3
  1003 | D:2      | Reached XP level 4. HP: 29/29 MP: 4/4
  1185 | D:2      | Slain by a gnoll

Skill      XL: |  1  2  3  4 |
---------------+-------------+-----
Maces & Flails | 3 |  3.6
Fighting       | 4 |  4.0
Armour         | 4 |  4.0
Shields        | |  3.2

Action                   |  1- 3 |  4- 6 || total
-------------------------+-------+-------++-------
Melee: Flail             |   171 |    37 ||   208
  Eat: Chunk             |     1 |       ||     1
Armor: Scale mail        |   105 |    28 ||   133
Dodge: Dodged            |    85 |     9 ||    94
Block: Shield            |   104 |    25 ||   129
